AoeStats
← RadagastTheBrown

Arena

509256418Analyzed
4v4 RM · 6d ago on Sep 26, 2026· 47m 38s· 8 players
Game mode
Random Map
Map size
Large (8 player)
Population
200
Speed
Normal
Resources
Standard
Victory
Conquest
Starting age
Dark Age
Ending age
Imperial Age
RankedLock teamsTeams togetherTeam positionsShared explorationLock speedFull tech treeHidden civsTurbo modeCheats
Victory
Defeat
🇺🇸 Danes · United States
884
+12
🇺🇸 Mongols · United States
808
+15
🇺🇸 Franks · United States
794
+15
🇺🇸 Celts · United States
769
+16
🇺🇸 Ethiopians · United States
817
-15
🇲🇽 Italians · Mexico
794
-15
🇯🇵 Franks · Japan
765
-14
🇺🇸 Varangians · United States
760
-14
𝓐 ♠ 𝓐 ♥
10:46 Loom
12:38 Feudal Age
13:26 Double-Bit Axe
13:23 Horse Collar
14:34 Wheelbarrow
20:25 Castle Age
20:06 Stone Mining
20:08 Gold Mining
21:48 Bow Saw
21:40 Heavy Plow
24:32 Fletching
25:19 Bodkin Arrow
27:59 Stone Shaft Mining
28:01 Ballistics
30:04 Masonry
29:51 Murder Holes
30:09 Scale Barding Armor
30:11 Husbandry
33:07 Herbal Medicine
36:16 Imperial Age
34:03 Caravan
34:56 Vendel Legacy
36:27 Chain Barding Armor
37:42 Conscription
38:04 Bracer
41:20 Architecture
41:50 Chemistry
40:59 Siege Engineers
41:12 Hand Cart
40:45 Town Watch
46:17 Two-Man Saw
45:49 Crop Rotation
45:48 Bloodlines
HeroicShepherd
11:50 Feudal Age
12:34 Double-Bit Axe
15:32 Castle Age
13:33 Horse Collar
17:22 Bow Saw
28:56 Wheelbarrow
30:21 Hand Cart
30:21 Heavy Plow
31:31 Gold Mining
36:10 Imperial Age
35:14 Gold Shaft Mining
35:03 Masonry
35:15 Ballistics
35:40 Stone Mining
36:20 Fortified Wall
37:20 Stone Shaft Mining
38:18 Two-Man Saw
38:25 Chemistry
38:12 Architecture
38:19 Crossbowman
39:05 Thumb Ring
39:16 Forging
38:59 Fletching
39:09 Padded Archer Armor
39:51 Bodkin Arrow
39:23 Arbalester
43:47 Bracer
44:02 Leather Archer Armor
45:01 Forging
44:52 Scale Mail Armor
45:24 Torsion Engines
Silver
2:00 Loom
11:01 Feudal Age
11:35 Horse Collar
11:43 Double-Bit Axe
13:05 Wheelbarrow
14:55 Gold Mining
20:24 Castle Age
18:25 Stone Mining
22:04 Bow Saw
21:57 Heavy Plow
22:52 Hand Cart
23:19 Stone Shaft Mining
28:07 Fletching
28:19 Padded Archer Armor
28:25 Squires
28:13 Arson
28:48 Treadmill Crane
29:06 Murder Holes
30:16 Silk Road
29:58 Bodkin Arrow
30:19 Leather Archer Armor
30:27 Ballistics
31:15 Fervor
34:08 Imperial Age
31:53 Forging
31:44 Scale Mail Armor
32:13 Pikeman
33:31 Iron Casting
33:47 Chain Mail Armor
35:06 Thumb Ring
34:22 Elite Skirmisher
35:46 Crop Rotation
36:22 Chemistry
35:28 Bracer
36:00 Ring Archer Armor
36:02 Plate Mail Armor
37:25 Two-Man Saw
36:28 Caravan
37:01 Conscription
38:02 Blast Furnace
38:26 Elite Genoese Crossbowman
OceanAxe81
8:43 Loom
12:11 Feudal Age
16:41 Castle Age
14:58 Double-Bit Axe
15:48 Gold Mining
20:21 Bow Saw
22:00 Scale Barding Armor
27:55 Wheelbarrow
28:51 Gold Shaft Mining
28:27 Stone Mining
29:49 Chain Barding Armor
30:36 Hand Cart
32:59 Imperial Age
30:20 Treadmill Crane
31:06 Town Watch
31:51 Scale Mail Armor
32:08 Forging
33:13 Town Patrol
33:12 Cavalier
33:53 Husbandry
34:59 Ballistics
34:45 Siege Engineers
34:51 Masonry
34:53 Careening
34:42 Murder Holes
36:19 Conscription
36:42 Plate Barding Armor
36:35 Fletching
37:17 Bodkin Arrow
38:04 Scale Mail Armor
38:19 Crossbowman
40:30 Chain Mail Armor
39:39 Paladin
MazerRackham
11:35 Feudal Age
16:32 Castle Age
14:26 Double-Bit Axe
15:02 Scale Mail Armor
14:59 Horse Collar
17:49 Bow Saw
26:38 Fletching
27:09 Squires
26:56 Gambesons
27:15 Heavy Plow
28:45 Forging
28:50 Chain Mail Armor
28:24 Loom
32:10 Iron Casting
32:34 Wheelbarrow
36:09 Bodkin Arrow
36:40 Arson
37:19 Hand Cart
42:35 Imperial Age
48:43 Imperial Age
46:06 Gold Mining
46:06 Stone Mining
AffirmedTurtle
11:23 Feudal Age
9:58 Loom
16:12 Castle Age
14:08 Horse Collar
15:32 Double-Bit Axe
25:47 Wheelbarrow
24:57 Town Watch
25:56 Husbandry
27:57 Gold Mining
31:48 Bloodlines
34:32 Imperial Age
32:53 Scale Barding Armor
33:26 Forging
34:45 Capped Ram
35:37 Siege Ram
37:16 Conscription
37:21 Drill
37:21 Conscription
37:32 Chain Barding Armor
37:55 Heavy Plow
38:07 Bow Saw
38:37 Iron Casting
38:03 Scale Mail Armor
38:17 Elite Steppe Lancer
41:16 Blast Furnace
41:23 Gold Shaft Mining
43:04 Heavy Camel Rider
44:40 Thumb Ring
43:56 Elite Skirmisher
44:29 Fletching
44:40 Padded Archer Armor
45:10 Bodkin Arrow
45:39 Ballistics
45:30 Masonry
45:25 Siege Engineers
47:00 Chain Mail Armor
46:48 Bracer
47:03 Leather Archer Armor
ultradesk
11:02 Feudal Age
16:26 Castle Age
14:39 Double-Bit Axe
15:39 Gold Mining
15:32 Horse Collar
17:01 Town Watch
17:38 Bow Saw
17:30 Heavy Plow
20:31 Wheelbarrow
29:20 Gold Shaft Mining
33:30 Imperial Age
31:27 Stone Mining
32:10 Hand Cart
33:31 Onager
34:01 Pikeman
35:31 Capped Ram
36:36 Forging
36:27 Scale Mail Armor
36:25 Heavy Scorpion
36:31 Halberdier
38:23 Siege Engineers
38:20 Fletching
39:35 Stone Shaft Mining
40:41 Siege Ram
41:25 Bodkin Arrow
43:18 Furor Celtica
43:33 Town Patrol
45:44 Ballistics
46:25 Chemistry
RadagastTheBrown
12:39 Feudal Age
17:47 Castle Age
19:12 Fletching
19:46 Double-Bit Axe
32:14 Bow Saw
38:25 Light Cavalry
42:03 Husbandry
46:21 Imperial Age
44:49 Ordonnance Companies
46:38 Cavalier
Connection lost

Rejoining the realm…

Still unreachable

The connection could not be restored.

Session expired

The server has moved on; the page needs a fresh start.